[ AOE2 MATCH · #482777082 ]
Team RMChinese vs Persians
[ REPLAY ANALYSIS · EXTRACTED FROM THE RECORDED GAME ]
Feudal
11:02
Castle
17:04
Imperial
36:19
| APM avg | 34.4 |
| APM peak | 66 |
| eAPM avg | 22.2 |
| Villagers / military | 188 / 238 |
Focus
⚔️ 28.2% · 🌾 71.8%
Archer ×141 · Skirmisher ×64 · Chu Ko Nu ×23 · Fishing Ship ×11 · Battering Ram ×5 · Unknown (2626) ×4
Feudal
10:53
Castle
15:03
Imperial
—
| APM avg | 16.7 |
| APM peak | 67 |
| eAPM avg | 8.4 |
| Villagers / military | 36 / 3 |
Focus
⚔️ 26.5% · 🌾 73.5%
Fishing Ship ×5 · Spearman ×3
Feudal
11:44
Castle
18:26
Imperial
37:20
| APM avg | 13.0 |
| APM peak | 41 |
| eAPM avg | 8.2 |
| Villagers / military | 89 / 110 |
Focus
⚔️ 39.7% · 🌾 60.3%
Cavalry Archer ×70 · Spearman ×39 · Fishing Ship ×4 · Monk ×1
Feudal
11:27
Castle
17:48
Imperial
41:05
| APM avg | 27.4 |
| APM peak | 69 |
| eAPM avg | 14.3 |
| Villagers / military | 142 / 72 |
Focus
⚔️ 26.6% · 🌾 73.4%
Mangudai ×61 · Battering Ram ×4 · Mangonel ×3 · Petard ×2 · Spearman ×2 · Fishing Ship ×2
Feudal
11:15
Castle
16:32
Imperial
42:23
| APM avg | 25.8 |
| APM peak | 89 |
| eAPM avg | 13.1 |
| Villagers / military | 127 / 117 |
Focus
⚔️ 22.2% · 🌾 77.8%
Camel Scout ×54 · Steppe Lancer ×37 · Keshik ×26 · Fishing Ship ×1
Feudal
12:46
Castle
17:04
Imperial
34:19
| APM avg | 19.0 |
| APM peak | 38 |
| eAPM avg | 11.4 |
| Villagers / military | 96 / 149 |
Focus
⚔️ 25.9% · 🌾 74.1%
Knight ×138 · Spearman ×8 · Trebuchet (Packed) ×3
Feudal
9:26
Castle
22:47
Imperial
41:56
| APM avg | 28.9 |
| APM peak | 76 |
| eAPM avg | 12.2 |
| Villagers / military | 123 / 81 |
Focus
⚔️ 28.9% · 🌾 71.1%
Konnik ×70 · Scout Cavalry ×7 · Knight ×2 · Monk ×1 · Spearman ×1
Feudal
10:11
Castle
13:31
Imperial
39:09
| APM avg | 29.8 |
| APM peak | 54 |
| eAPM avg | 19.6 |
| Villagers / military | 170 / 158 |
Focus
⚔️ 27.8% · 🌾 72.2%
Knight ×130 · War Elephant ×20 · Monk ×6 · Trebuchet (Packed) ×2
Match map
Initial resources + every placement click. Lines = walls · curves = elevation contours. ◆ gold · ⬟ stone · ● berries · ✦ relic · ◌ wall gap
Your base· Open — unwalled flank
种田玩家打队友别打我's base· Open — unwalled flank
~~'s base· Open — 5t gap
Agapito di Sousa's base· Open — unwalled flank
Ragamuffin's base· Open — unwalled flank
Tuzi's base· Open — 6t gap
3blue's base· Open — unwalled flank
vic163001's base· Open — unwalled flank
Smoothed initial terrain · ◌ = detected wall gap · hover for details
Inputs per minute
— leeroy kentins - - 种田玩家打队友别打我
Build order — leeroy kentins
First 150 of 376 actions detected
| 0:10 | Research | Loom |
| 0:47 | Create | Villager (Male) |
| 0:47 | Create | Villager (Male) |
| 1:11 | Create | Villager (Male) |
| 1:11 | Create | Villager (Male) |
| 1:37 | Create | Villager (Male) |
| 1:52 | Build | Lumber Camp |
| 2:00 | Create | Villager (Male) |
| 2:00 | Create | Villager (Male) |
| 2:21 | Create | Villager (Male) |
| 2:51 | Create | Villager (Male) |
| 2:52 | Create | Villager (Male) |
| 3:27 | Create | Villager (Male) |
| 3:30 | Create | Villager (Male) |
| 3:31 | Create | Villager (Male) |
| 3:33 | Build | House |
| 4:00 | Create | Villager (Male) |
| 4:00 | Create | Villager (Male) |
| 4:05 | Build | House |
| 4:24 | Create | Villager (Male) |
| 4:56 | Create | Villager (Male) |
| 5:12 | Create | Villager (Male) |
| 5:13 | Create | Villager (Male) |
| 5:13 | Create | Villager (Male) |
| 5:16 | Build | Dock |
| 6:02 | Create | Fishing Ship |
| 6:02 | Create | Fishing Ship |
| 6:05 | Create | Villager (Male) |
| 6:05 | Create | Villager (Male) |
| 6:05 | Create | Villager (Male) |
| 7:05 | Create | Villager (Male) |
| 7:13 | Create | Fishing Ship |
| 7:13 | Create | Fishing Ship |
| 7:17 | Build | House |
| 7:26 | Build | House |
| 7:30 | Create | Villager (Male) |
| 7:39 | Create | Villager (Male) |
| 7:43 | Build | House |
| 7:53 | Create | Villager (Male) |
| 8:14 | Research | Feudal Age |
| 8:29 | Create | Fishing Ship |
| 8:29 | Create | Fishing Ship |
| 9:22 | Build | Lumber Camp |
| 9:38 | Build | Mill |
| 10:10 | Build | Mining Camp |
| 10:16 | Create | Villager (Male) |
| 10:41 | Create | Villager (Male) |
| 10:45 | Create | Fishing Ship |
| 10:45 | Create | Fishing Ship |
| 11:02 | Age | Feudal Age |
| 11:08 | Research | Double-Bit Axe |
| 11:08 | Research | Double-Bit Axe |
| 11:10 | Research | Tech 906 |
| 11:12 | Create | Villager (Male) |
| 11:39 | Research | Horse Collar |
| 11:46 | Create | Unit 2626 |
| 11:46 | Create | Unit 2626 |
| 12:04 | Create | Villager (Male) |
| 12:14 | Build | Market |
| 12:18 | Create | Villager (Male) |
| 12:18 | Create | Villager (Male) |
| 12:24 | Build | House |
| 12:27 | Build | House |
| 12:52 | Research | Wheelbarrow |
| 13:20 | Build | Blacksmith |
| 13:23 | Build | House |
| 13:32 | Create | Villager (Male) |
| 13:52 | Build | House |
| 13:53 | Build | House |
| 13:53 | Build | House |
| 13:53 | Build | House |
| 13:54 | Build | House |
| 14:22 | Research | Castle Age |
| 14:23 | Research | Castle Age |
| 14:29 | Create | Fishing Ship |
| 14:59 | Create | Villager (Male) |
| 15:00 | Create | Villager (Male) |
| 15:52 | Create | Fishing Ship |
| 15:53 | Create | Fishing Ship |
| 16:48 | Create | Villager (Male) |
| 16:49 | Create | Villager (Male) |
| 17:04 | Age | Castle Age |
| 17:06 | Build | Town Center |
| 17:20 | Build | Town Center |
| 17:23 | Create | Villager (Male) |
| 17:27 | Research | Hand Cart |
| 17:42 | Research | Bow Saw |
| 17:43 | Research | Bow Saw |
| 17:44 | Create | Villager (Male) |
| 18:23 | Create | Villager (Male) |
| 18:23 | Create | Villager (Male) |
| 18:51 | Create | Villager (Male) |
| 18:52 | Create | Villager (Male) |
| 19:01 | Build | Farm |
| 19:02 | Build | Farm |
| 19:02 | Build | Farm |
| 19:02 | Build | Farm |
| 19:02 | Build | Farm |
| 19:03 | Build | Farm |
| 19:28 | Build | Farm |
| 19:28 | Build | Farm |
| 19:29 | Build | Farm |
| 19:29 | Build | Farm |
| 19:29 | Build | Farm |
| 19:29 | Build | Farm |
| 19:30 | Build | Farm |
| 19:30 | Build | Farm |
| 19:38 | Create | Villager (Male) |
| 19:38 | Create | Villager (Male) |
| 19:38 | Create | Villager (Male) |
| 20:08 | Build | Outpost |
| 20:09 | Build | Outpost |
| 20:10 | Build | Outpost |
| 20:11 | Build | Outpost |
| 20:14 | Build | Outpost |
| 20:17 | Create | Villager (Male) |
| 20:17 | Create | Villager (Male) |
| 20:17 | Create | Villager (Male) |
| 20:18 | Create | Villager (Male) |
| 20:37 | Create | Villager (Male) |
| 20:37 | Create | Villager (Male) |
| 20:37 | Create | Villager (Male) |
| 20:47 | Build | Farm |
| 21:18 | Create | Villager (Male) |
| 21:18 | Create | Villager (Male) |
| 21:19 | Create | Villager (Male) |
| 21:21 | Create | Villager (Male) |
| 21:27 | Build | House |
| 21:37 | Research | Fletching |
| 21:38 | Research | Fletching |
| 21:49 | Create | Villager (Male) |
| 21:49 | Create | Villager (Male) |
| 21:50 | Create | Villager (Male) |
| 22:12 | Build | Town Center |
| 22:14 | Create | Villager (Male) |
| 22:15 | Create | Villager (Male) |
| 22:16 | Create | Villager (Male) |
| 22:16 | Create | Villager (Male) |
| 22:23 | Research | Town Watch |
| 22:39 | Build | House |
| 22:44 | Build | House |
| 22:52 | Create | Villager (Male) |
| 22:52 | Create | Villager (Male) |
| 23:13 | Build | Barracks |
| 23:15 | Create | Villager (Male) |
| 23:15 | Create | Villager (Male) |
| 23:15 | Create | Villager (Male) |
| 23:27 | Create | Unit 2626 |
| 23:27 | Create | Unit 2626 |
| 23:39 | Create | Villager (Male) |
Build order — 种田玩家打队友别打我
74 actions detected in the replay
| 0:02 | Create | Villager (Male) |
| 0:02 | Create | Villager (Male) |
| 0:02 | Create | Villager (Male) |
| 0:02 | Create | Villager (Male) |
| 0:04 | Build | House |
| 0:08 | Build | House |
| 1:28 | Create | Villager (Male) |
| 2:03 | Create | Villager (Male) |
| 2:25 | Build | Lumber Camp |
| 2:31 | Create | Villager (Male) |
| 2:32 | Create | Villager (Male) |
| 2:57 | Create | Villager (Male) |
| 3:02 | Build | House |
| 3:18 | Create | Villager (Male) |
| 3:29 | Create | Villager (Male) |
| 3:43 | Create | Villager (Male) |
| 4:27 | Create | Villager (Male) |
| 4:35 | Create | Villager (Male) |
| 4:52 | Create | Villager (Male) |
| 5:12 | Build | Dock |
| 5:27 | Create | Villager (Male) |
| 6:01 | Build | Mill |
| 6:04 | Create | Villager (Male) |
| 6:26 | Create | Villager (Male) |
| 6:26 | Create | Villager (Male) |
| 6:27 | Create | Villager (Male) |
| 6:51 | Research | Loom |
| 6:52 | Create | Villager (Male) |
| 6:55 | Build | House |
| 7:03 | Create | Villager (Male) |
| 7:14 | Create | Fishing Ship |
| 7:54 | Create | Villager (Male) |
| 8:15 | Build | Mining Camp |
| 8:23 | Create | Fishing Ship |
| 8:43 | Research | Feudal Age |
| 8:43 | Research | Feudal Age |
| 9:20 | Build | House |
| 9:24 | Create | Villager (Male) |
| 10:05 | Create | Villager (Male) |
| 10:46 | Create | Villager (Male) |
| 10:53 | Age | Feudal Age |
| 10:59 | Build | Market |
| 11:04 | Create | Villager (Male) |
| 11:37 | Build | Blacksmith |
| 12:21 | Research | Castle Age |
| 12:41 | Create | Villager (Male) |
| 12:57 | Build | Lumber Camp |
| 13:04 | Create | Villager (Male) |
| 13:12 | Research | Double-Bit Axe |
| 13:12 | Research | Double-Bit Axe |
| 13:15 | Create | Fishing Ship |
| 13:23 | Build | Palisade Wall |
| 13:27 | Build | Palisade Wall |
| 13:37 | Create | Fishing Ship |
| 13:54 | Build | House |
| 14:07 | Build | Barracks |
| 14:21 | Create | Fishing Ship |
| 15:01 | Build | Palisade Wall |
| 15:03 | Age | Castle Age |
| 15:07 | Build | Farm |
| 15:09 | Research | Horse Collar |
| 15:09 | Research | Horse Collar |
| 15:14 | Create | Villager (Male) |
| 15:59 | Create | Villager (Male) |
| 16:06 | Build | Town Center |
| 16:23 | Create | Villager (Male) |
| 16:24 | Create | Spearman |
| 16:25 | Create | Spearman |
| 16:46 | Create | Villager (Male) |
| 17:10 | Create | Spearman |
| 17:11 | Create | Villager (Male) |
| 17:13 | Create | Villager (Male) |
| 17:37 | Create | Villager (Male) |
| 17:41 | Build | Farm |
Build order — ~~
First 150 of 235 actions detected
| 0:05 | Create | Villager (Male) |
| 0:05 | Create | Villager (Male) |
| 0:06 | Create | Villager (Male) |
| 0:43 | Create | Villager (Male) |
| 1:24 | Create | Villager (Male) |
| 2:07 | Create | Villager (Male) |
| 2:35 | Create | Villager (Male) |
| 3:07 | Create | Villager (Male) |
| 3:07 | Create | Villager (Male) |
| 3:32 | Build | Lumber Camp |
| 3:36 | Create | Villager (Male) |
| 4:12 | Create | Villager (Male) |
| 4:35 | Build | Mill |
| 4:55 | Create | Villager (Male) |
| 4:55 | Create | Villager (Male) |
| 5:24 | Create | Villager (Male) |
| 5:55 | Create | Villager (Male) |
| 5:56 | Create | Villager (Male) |
| 6:19 | Build | Dock |
| 6:26 | Create | Villager (Male) |
| 6:55 | Create | Fishing Ship |
| 7:20 | Create | Villager (Male) |
| 7:21 | Create | Villager (Male) |
| 7:22 | Create | Villager (Male) |
| 7:52 | Create | Fishing Ship |
| 9:34 | Research | Feudal Age |
| 10:00 | Create | Villager (Male) |
| 10:00 | Create | Villager (Male) |
| 10:01 | Create | Villager (Male) |
| 10:32 | Build | Mining Camp |
| 10:48 | Create | Villager (Male) |
| 10:49 | Create | Villager (Male) |
| 11:01 | Build | Palisade Wall |
| 11:44 | Age | Feudal Age |
| 12:01 | Research | Double-Bit Axe |
| 12:11 | Research | Horse Collar |
| 12:30 | Build | Stone Wall |
| 12:39 | Build | Stone Wall |
| 12:42 | Build | Stone Wall |
| 12:49 | Build | Stone Wall |
| 12:51 | Build | Stone Wall |
| 13:20 | Build | Stone Wall |
| 13:21 | Build | Stone Wall |
| 13:44 | Build | Farm |
| 13:44 | Build | Farm |
| 13:48 | Create | Villager (Male) |
| 13:48 | Create | Villager (Male) |
| 13:55 | Build | Farm |
| 14:19 | Build | Blacksmith |
| 14:35 | Build | Market |
| 14:40 | Create | Villager (Male) |
| 15:18 | Build | Farm |
| 15:21 | Create | Villager (Male) |
| 15:35 | Research | Castle Age |
| 16:07 | Build | Stone Wall |
| 16:15 | Build | Gate |
| 16:20 | Build | Farm |
| 16:28 | Research | Stone Mining |
| 16:37 | Create | Villager (Male) |
| 17:09 | Build | Stone Wall |
| 17:43 | Build | Stone Wall |
| 18:26 | Age | Castle Age |
| 18:43 | Build | Town Center |
| 18:49 | Create | Villager (Male) |
| 18:49 | Create | Villager (Male) |
| 18:49 | Create | Villager (Male) |
| 18:50 | Create | Villager (Male) |
| 18:56 | Build | Farm |
| 19:05 | Build | Lumber Camp |
| 19:44 | Build | Farm |
| 20:02 | Create | Villager (Male) |
| 20:03 | Create | Villager (Male) |
| 20:03 | Create | Villager (Male) |
| 21:01 | Build | Town Center |
| 21:15 | Research | Wheelbarrow |
| 21:19 | Create | Villager (Male) |
| 21:20 | Create | Villager (Male) |
| 21:20 | Create | Villager (Male) |
| 21:20 | Create | Villager (Male) |
| 21:27 | Research | Gold Mining |
| 22:24 | Build | Stone Wall |
| 22:25 | Build | Stone Wall |
| 22:31 | Build | Gate |
| 22:46 | Create | Villager (Male) |
| 22:46 | Create | Villager (Male) |
| 22:47 | Create | Villager (Male) |
| 22:59 | Research | Hand Cart |
| 23:01 | Create | Villager (Male) |
| 23:02 | Create | Villager (Male) |
| 23:57 | Build | Barracks |
| 24:02 | Create | Villager (Male) |
| 24:03 | Create | Villager (Male) |
| 25:02 | Build | Castle |
| 25:12 | Build | Castle |
| 25:36 | Create | Villager (Male) |
| 25:37 | Create | Villager (Male) |
| 25:37 | Create | Villager (Male) |
| 25:41 | Build | Farm |
| 25:42 | Build | Farm |
| 25:42 | Build | Farm |
| 25:43 | Build | Farm |
| 25:43 | Build | Farm |
| 25:55 | Build | Farm |
| 25:55 | Build | Farm |
| 25:56 | Build | Farm |
| 25:56 | Build | Farm |
| 25:57 | Build | Farm |
| 25:59 | Research | Heavy Plow |
| 26:04 | Create | Villager (Male) |
| 26:04 | Create | Villager (Male) |
| 26:12 | Create | Villager (Male) |
| 26:38 | Build | Castle |
| 26:59 | Create | Villager (Male) |
| 26:59 | Create | Villager (Male) |
| 27:00 | Create | Villager (Male) |
| 27:01 | Create | Villager (Male) |
| 27:23 | Create | Fishing Ship |
| 27:24 | Create | Fishing Ship |
| 27:33 | Build | Farm |
| 27:36 | Create | Villager (Male) |
| 27:36 | Create | Villager (Male) |
| 27:48 | Research | Fletching |
| 27:48 | Research | Padded Archer Armor |
| 28:27 | Build | Stone Wall |
| 28:29 | Build | Stone Wall |
| 28:37 | Build | Gate |
| 28:51 | Create | Villager (Male) |
| 28:52 | Create | Villager (Male) |
| 29:14 | Build | Barracks |
| 29:24 | Build | Barracks |
| 29:33 | Build | Stone Wall |
| 29:41 | Research | Pikeman (upgrade) |
| 29:41 | Research | Squires |
| 29:44 | Create | Spearman |
| 29:45 | Create | Spearman |
| 29:57 | Research | Bodkin Arrow |
| 30:10 | Create | Spearman |
| 30:10 | Create | Spearman |
| 30:41 | Build | Mill |
| 30:54 | Research | Scale Mail Armor |
| 30:55 | Research | Forging |
| 31:00 | Research | Bow Saw |
| 31:23 | Build | Stone Wall |
| 32:17 | Build | Castle |
| 32:24 | Research | Town Watch |
| 32:27 | Create | Villager (Male) |
| 32:27 | Create | Villager (Male) |
| 32:27 | Create | Villager (Male) |
| 32:28 | Create | Villager (Male) |
| 33:52 | Build | Castle |
Build order — Agapito di Sousa
First 150 of 347 actions detected
| 0:03 | Create | Villager (Male) |
| 0:07 | Build | House |
| 0:09 | Build | House |
| 0:11 | Create | Villager (Male) |
| 0:21 | Create | Villager (Male) |
| 0:22 | Create | Villager (Male) |
| 0:22 | Create | Villager (Male) |
| 1:40 | Create | Villager (Male) |
| 2:00 | Create | Villager (Male) |
| 2:01 | Create | Villager (Male) |
| 2:31 | Create | Villager (Male) |
| 2:58 | Create | Villager (Male) |
| 3:17 | Create | Villager (Male) |
| 3:49 | Create | Villager (Male) |
| 3:55 | Build | Lumber Camp |
| 4:02 | Create | Villager (Male) |
| 4:02 | Create | Villager (Male) |
| 4:41 | Create | Villager (Male) |
| 4:42 | Create | Villager (Male) |
| 5:03 | Build | House |
| 5:05 | Build | House |
| 5:08 | Build | House |
| 5:12 | Create | Villager (Male) |
| 5:16 | Research | Loom |
| 5:16 | Research | Loom |
| 5:18 | Research | Loom |
| 5:19 | Create | Villager (Male) |
| 5:47 | Create | Villager (Male) |
| 6:28 | Create | Villager (Male) |
| 6:39 | Build | Dock |
| 6:58 | Create | Villager (Male) |
| 7:23 | Create | Villager (Male) |
| 7:42 | Create | Fishing Ship |
| 7:50 | Create | Villager (Male) |
| 8:01 | Build | Mill |
| 8:06 | Create | Villager (Male) |
| 8:41 | Create | Villager (Male) |
| 8:51 | Build | House |
| 8:58 | Build | Palisade Gate |
| 9:03 | Build | House |
| 9:05 | Build | House |
| 9:14 | Build | House |
| 9:17 | Research | Feudal Age |
| 9:35 | Create | Fishing Ship |
| 10:41 | Build | Barracks |
| 11:19 | Build | Palisade Wall |
| 11:21 | Build | Palisade Wall |
| 11:22 | Build | Palisade Wall |
| 11:27 | Age | Feudal Age |
| 11:45 | Create | Villager (Male) |
| 11:52 | Build | Stable |
| 12:02 | Create | Villager (Male) |
| 12:28 | Research | Double-Bit Axe |
| 12:34 | Create | Villager (Male) |
| 12:46 | Build | Mining Camp |
| 13:04 | Create | Villager (Male) |
| 13:29 | Build | Blacksmith |
| 13:37 | Create | Villager (Male) |
| 14:05 | Create | Villager (Male) |
| 14:09 | Build | Mining Camp |
| 14:40 | Build | Market |
| 14:43 | Create | Villager (Male) |
| 15:03 | Research | Castle Age |
| 15:15 | Build | Lumber Camp |
| 15:58 | Create | Spearman |
| 15:58 | Create | Spearman |
| 17:45 | Create | Villager (Male) |
| 17:48 | Age | Castle Age |
| 17:52 | Build | Town Center |
| 18:17 | Create | Villager (Male) |
| 18:35 | Build | Castle |
| 18:44 | Build | Farm |
| 18:46 | Build | Farm |
| 18:55 | Create | Villager (Male) |
| 18:55 | Create | Villager (Male) |
| 18:55 | Create | Villager (Male) |
| 19:04 | Build | Farm |
| 19:08 | Build | Farm |
| 19:09 | Create | Villager (Male) |
| 19:10 | Create | Villager (Male) |
| 19:22 | Create | Villager (Male) |
| 19:23 | Create | Villager (Male) |
| 19:37 | Build | Farm |
| 19:38 | Create | Villager (Male) |
| 19:49 | Create | Mangudai |
| 19:50 | Create | Mangudai |
| 19:55 | Create | Mangudai |
| 20:02 | Build | Farm |
| 20:25 | Create | Villager (Male) |
| 20:26 | Create | Villager (Male) |
| 20:27 | Build | Farm |
| 20:52 | Build | Town Center |
| 20:57 | Create | Villager (Male) |
| 21:02 | Create | Mangudai |
| 21:03 | Create | Mangudai |
| 21:03 | Create | Mangudai |
| 21:37 | Create | Mangudai |
| 21:37 | Create | Mangudai |
| 21:42 | Build | Farm |
| 21:45 | Build | Farm |
| 21:53 | Create | Mangudai |
| 21:55 | Build | Farm |
| 21:55 | Create | Villager (Male) |
| 21:56 | Create | Villager (Male) |
| 21:57 | Create | Villager (Male) |
| 22:01 | Create | Villager (Male) |
| 22:12 | Create | Mangudai |
| 22:21 | Create | Villager (Male) |
| 22:21 | Create | Villager (Male) |
| 22:27 | Build | Farm |
| 22:44 | Create | Villager (Male) |
| 22:51 | Build | Town Center |
| 22:53 | Create | Villager (Male) |
| 22:59 | Build | Farm |
| 23:00 | Create | Villager (Male) |
| 23:05 | Create | Mangudai |
| 23:05 | Create | Mangudai |
| 23:31 | Build | Farm |
| 23:32 | Create | Villager (Male) |
| 23:35 | Create | Villager (Male) |
| 23:43 | Build | University |
| 23:49 | Create | Mangudai |
| 23:53 | Research | Fletching |
| 24:02 | Create | Villager (Male) |
| 24:02 | Create | Villager (Male) |
| 24:06 | Build | House |
| 24:07 | Build | House |
| 24:09 | Build | House |
| 24:42 | Create | Villager (Male) |
| 24:43 | Create | Villager (Male) |
| 24:43 | Create | Villager (Male) |
| 24:53 | Create | Villager (Male) |
| 25:14 | Build | Farm |
| 25:17 | Research | Ballistics |
| 25:22 | Build | Farm |
| 25:34 | Research | Husbandry |
| 26:00 | Create | Villager (Male) |
| 26:01 | Create | Villager (Male) |
| 26:01 | Create | Villager (Male) |
| 26:03 | Create | Villager (Male) |
| 26:04 | Create | Villager (Male) |
| 26:05 | Build | Farm |
| 26:07 | Build | Farm |
| 26:30 | Create | Villager (Male) |
| 26:46 | Create | Mangudai |
| 26:47 | Create | Mangudai |
| 26:47 | Create | Mangudai |
| 26:47 | Create | Mangudai |
| 26:58 | Create | Villager (Male) |
| 26:59 | Create | Villager (Male) |
Build order — Ragamuffin
First 150 of 318 actions detected
| 0:03 | Build | House |
| 0:06 | Build | House |
| 0:07 | Create | Villager (Male) |
| 0:08 | Create | Villager (Male) |
| 0:08 | Create | Villager (Male) |
| 0:08 | Create | Villager (Male) |
| 0:08 | Create | Villager (Male) |
| 1:45 | Create | Villager (Male) |
| 1:54 | Build | Lumber Camp |
| 2:04 | Create | Villager (Male) |
| 2:04 | Create | Villager (Male) |
| 2:32 | Create | Villager (Male) |
| 3:02 | Create | Villager (Male) |
| 3:30 | Build | House |
| 3:32 | Build | House |
| 3:37 | Create | Villager (Male) |
| 3:37 | Create | Villager (Male) |
| 3:38 | Create | Villager (Male) |
| 3:46 | Research | Loom |
| 4:19 | Create | Villager (Male) |
| 4:19 | Create | Villager (Male) |
| 5:09 | Create | Villager (Male) |
| 5:09 | Create | Villager (Male) |
| 5:10 | Create | Villager (Male) |
| 5:11 | Create | Villager (Male) |
| 5:11 | Create | Villager (Male) |
| 5:21 | Build | Mill |
| 6:26 | Create | Villager (Male) |
| 6:26 | Create | Villager (Male) |
| 6:26 | Create | Villager (Male) |
| 6:48 | Create | Villager (Male) |
| 6:48 | Create | Villager (Male) |
| 6:48 | Create | Villager (Male) |
| 7:17 | Build | Dock |
| 8:15 | Create | Villager (Male) |
| 8:22 | Create | Villager (Male) |
| 8:47 | Build | Mining Camp |
| 8:59 | Research | Feudal Age |
| 9:09 | Build | House |
| 9:12 | Build | House |
| 9:24 | Build | House |
| 9:37 | Create | Villager (Male) |
| 9:37 | Create | Villager (Male) |
| 9:37 | Create | Villager (Male) |
| 9:43 | Create | Fishing Ship |
| 11:15 | Age | Feudal Age |
| 11:40 | Research | Horse Collar |
| 12:08 | Build | Market |
| 12:13 | Create | Villager (Male) |
| 12:25 | Create | Villager (Male) |
| 12:43 | Build | Blacksmith |
| 13:18 | Create | Villager (Male) |
| 13:26 | Research | Double-Bit Axe |
| 13:26 | Research | Double-Bit Axe |
| 13:40 | Build | Mining Camp |
| 13:52 | Research | Castle Age |
| 14:16 | Build | Stone Wall |
| 14:24 | Build | House |
| 14:27 | Build | House |
| 14:30 | Build | House |
| 14:32 | Build | House |
| 14:35 | Build | House |
| 14:45 | Research | Stone Mining |
| 15:13 | Build | Stone Wall |
| 15:38 | Research | Gold Mining |
| 16:13 | Build | Barracks |
| 16:17 | Create | Villager (Male) |
| 16:18 | Create | Villager (Male) |
| 16:32 | Age | Castle Age |
| 16:40 | Research | Fletching |
| 16:59 | Create | Villager (Male) |
| 17:46 | Build | Castle |
| 17:51 | Create | Villager (Male) |
| 17:51 | Create | Villager (Male) |
| 17:52 | Create | Villager (Male) |
| 17:52 | Create | Villager (Male) |
| 17:56 | Build | Farm |
| 17:57 | Build | Farm |
| 18:00 | Build | Farm |
| 18:02 | Build | Farm |
| 18:07 | Build | Farm |
| 18:09 | Build | Farm |
| 18:37 | Create | Villager (Male) |
| 18:37 | Create | Villager (Male) |
| 18:37 | Create | Villager (Male) |
| 18:43 | Build | Farm |
| 18:46 | Build | Farm |
| 19:06 | Create | Villager (Male) |
| 19:06 | Create | Villager (Male) |
| 19:15 | Build | Stone Wall |
| 19:24 | Build | House |
| 19:27 | Build | House |
| 19:28 | Build | House |
| 19:36 | Create | Keshik |
| 19:36 | Create | Keshik |
| 19:37 | Create | Keshik |
| 19:45 | Create | Villager (Male) |
| 19:46 | Create | Villager (Male) |
| 19:46 | Create | Villager (Male) |
| 19:49 | Build | Farm |
| 19:55 | Build | Farm |
| 20:02 | Create | Keshik |
| 20:02 | Create | Keshik |
| 20:03 | Create | Keshik |
| 20:13 | Build | University |
| 20:34 | Create | Villager (Male) |
| 20:35 | Create | Villager (Male) |
| 20:37 | Create | Villager (Male) |
| 20:37 | Create | Villager (Male) |
| 20:45 | Create | Keshik ×2 |
| 20:46 | Create | Keshik ×2 |
| 20:46 | Create | Keshik ×2 |
| 20:51 | Create | Villager (Male) |
| 20:52 | Create | Villager (Male) |
| 21:03 | Build | Archery Range |
| 21:06 | Build | Archery Range |
| 21:13 | Build | House |
| 21:15 | Build | House |
| 21:16 | Build | House |
| 21:20 | Create | Villager (Male) |
| 21:20 | Create | Villager (Male) |
| 21:20 | Create | Villager (Male) |
| 21:24 | Create | Keshik |
| 21:25 | Create | Keshik |
| 21:25 | Create | Keshik |
| 21:51 | Build | Town Center |
| 21:54 | Create | Villager (Male) |
| 21:54 | Create | Villager (Male) |
| 21:54 | Create | Villager (Male) |
| 22:06 | Create | Keshik |
| 22:07 | Create | Keshik |
| 22:07 | Create | Keshik |
| 22:07 | Create | Keshik |
| 22:08 | Create | Keshik |
| 22:25 | Research | Forging |
| 22:26 | Research | Forging |
| 22:43 | Build | Stable |
| 23:01 | Build | House |
| 23:09 | Create | Keshik |
| 23:10 | Create | Keshik |
| 23:10 | Create | Keshik |
| 23:10 | Create | Keshik |
| 23:29 | Create | Keshik |
| 23:30 | Create | Keshik |
| 24:30 | Research | Scale Barding Armor |
| 24:30 | Research | Scale Barding Armor |
| 24:45 | Research | Bloodlines |
| 24:45 | Research | Bloodlines |
| 24:45 | Research | Bloodlines |
| 25:47 | Build | Stable |
Build order — Tuzi
First 150 of 286 actions detected
| 0:02 | Create | Villager (Male) |
| 0:02 | Create | Villager (Male) |
| 0:03 | Create | Villager (Male) |
| 0:03 | Create | Villager (Male) |
| 0:04 | Build | House |
| 0:06 | Build | House |
| 1:29 | Create | Villager (Male) |
| 1:29 | Create | Villager (Male) |
| 1:54 | Build | Lumber Camp |
| 2:12 | Create | Villager (Male) |
| 2:12 | Create | Villager (Male) |
| 2:35 | Create | Villager (Male) |
| 2:35 | Create | Villager (Male) |
| 3:20 | Create | Villager (Male) |
| 3:21 | Create | Villager (Male) |
| 3:21 | Create | Villager (Male) |
| 3:58 | Build | House |
| 4:15 | Build | Mill |
| 4:21 | Create | Villager (Male) |
| 4:21 | Create | Villager (Male) |
| 4:21 | Create | Villager (Male) |
| 4:48 | Create | Villager (Male) |
| 4:49 | Create | Villager (Male) |
| 4:49 | Create | Villager (Male) |
| 5:19 | Build | House |
| 5:21 | Build | House |
| 5:50 | Create | Villager (Male) |
| 5:54 | Create | Villager (Male) |
| 5:54 | Create | Villager (Male) |
| 5:54 | Create | Villager (Male) |
| 5:55 | Create | Villager (Male) |
| 5:59 | Build | House |
| 7:04 | Build | House |
| 7:10 | Build | Palisade Wall |
| 7:21 | Create | Villager (Male) |
| 7:21 | Create | Villager (Male) |
| 7:22 | Create | Villager (Male) |
| 7:22 | Create | Villager (Male) |
| 7:22 | Create | Villager (Male) |
| 7:22 | Create | Villager (Male) |
| 7:23 | Create | Villager (Male) |
| 8:06 | Build | Palisade Wall |
| 9:07 | Build | Palisade Wall |
| 9:23 | Build | Farm |
| 9:37 | Research | Feudal Age |
| 9:50 | Build | Farm |
| 10:15 | Build | Mining Camp |
| 10:56 | Build | Palisade Wall |
| 12:07 | Build | Barracks |
| 12:14 | Build | Farm |
| 12:15 | Build | Farm |
| 12:46 | Age | Feudal Age |
| 12:50 | Build | Blacksmith |
| 12:59 | Research | Loom |
| 13:20 | Build | Stable |
| 13:22 | Create | Spearman |
| 13:23 | Create | Spearman |
| 13:32 | Create | Villager (Male) |
| 14:00 | Build | Lumber Camp |
| 14:24 | Research | Castle Age |
| 14:38 | Build | Stable |
| 14:57 | Build | Farm |
| 15:13 | Build | Farm |
| 15:27 | Build | Farm |
| 15:43 | Build | Farm |
| 15:53 | Build | Farm |
| 16:07 | Build | Farm |
| 16:33 | Research | Forging |
| 16:53 | Research | Double-Bit Axe |
| 17:04 | Age | Castle Age |
| 17:08 | Create | Knight |
| 17:09 | Create | Knight |
| 17:12 | Create | Knight |
| 17:13 | Create | Knight |
| 17:18 | Create | Villager (Male) |
| 17:39 | Build | Town Center |
| 17:52 | Create | Villager (Male) |
| 18:16 | Research | Scale Barding Armor |
| 18:41 | Research | Husbandry |
| 18:43 | Create | Villager (Male) |
| 18:44 | Create | Villager (Male) |
| 19:10 | Build | Lumber Camp |
| 19:20 | Create | Villager (Male) |
| 19:20 | Create | Villager (Male) |
| 19:29 | Create | Knight |
| 19:30 | Create | Knight |
| 19:30 | Create | Knight |
| 19:30 | Create | Knight |
| 19:59 | Create | Villager (Male) |
| 19:59 | Create | Villager (Male) |
| 20:01 | Create | Villager (Male) |
| 20:01 | Create | Villager (Male) |
| 20:04 | Build | Farm |
| 20:29 | Build | House |
| 20:31 | Build | House |
| 20:32 | Build | House |
| 20:33 | Build | House |
| 21:08 | Create | Villager (Male) |
| 21:08 | Create | Villager (Male) |
| 21:09 | Create | Villager (Male) |
| 21:09 | Create | Villager (Male) |
| 21:46 | Build | Farm |
| 21:46 | Build | Farm |
| 21:49 | Build | Farm |
| 21:54 | Create | Villager (Male) |
| 21:59 | Create | Villager (Male) |
| 22:34 | Create | Villager (Male) |
| 22:35 | Build | Farm |
| 23:40 | Build | Town Center |
| 23:45 | Build | Farm |
| 23:46 | Build | Farm |
| 23:48 | Create | Knight |
| 23:48 | Create | Knight |
| 23:48 | Create | Knight |
| 23:52 | Create | Spearman |
| 23:52 | Create | Spearman |
| 24:46 | Create | Knight |
| 24:46 | Create | Knight |
| 24:50 | Create | Spearman |
| 24:50 | Create | Spearman |
| 25:41 | Create | Knight |
| 25:41 | Create | Knight |
| 25:44 | Create | Spearman |
| 25:44 | Create | Spearman |
| 26:03 | Build | Stone Wall |
| 26:14 | Build | Farm |
| 26:19 | Build | House |
| 26:21 | Build | House |
| 26:42 | Create | Villager (Male) |
| 26:42 | Create | Villager (Male) |
| 26:52 | Build | Farm |
| 26:58 | Build | Castle |
| 27:06 | Create | Villager (Male) |
| 27:06 | Create | Villager (Male) |
| 27:22 | Research | Bow Saw |
| 27:27 | Build | House |
| 27:30 | Build | House |
| 27:37 | Research | Wheelbarrow |
| 27:42 | Build | Farm |
| 27:44 | Create | Villager (Male) |
| 27:45 | Create | Villager (Male) |
| 27:48 | Create | Villager (Male) |
| 27:49 | Create | Villager (Male) |
| 27:52 | Create | Villager (Male) |
| 27:52 | Create | Villager (Male) |
| 27:52 | Create | Villager (Male) |
| 27:59 | Research | Gold Mining |
| 28:04 | Build | Farm |
| 28:18 | Build | Farm |
| 28:20 | Create | Villager (Male) |
Build order — 3blue
First 150 of 294 actions detected
| 0:00 | Create | Villager (Male) |
| 0:01 | Create | Villager (Male) |
| 0:01 | Create | Villager (Male) |
| 0:01 | Create | Villager (Male) |
| 0:02 | Create | Villager (Male) |
| 0:02 | Build | House |
| 0:04 | Build | House |
| 1:38 | Create | Villager (Male) |
| 1:39 | Create | Villager (Male) |
| 1:39 | Create | Villager (Male) |
| 1:48 | Build | Lumber Camp |
| 1:59 | Create | Villager (Male) |
| 1:59 | Create | Villager (Male) |
| 1:59 | Create | Villager (Male) |
| 2:23 | Create | Villager (Male) |
| 2:24 | Create | Villager (Male) |
| 2:24 | Create | Villager (Male) |
| 3:06 | Create | Villager (Male) |
| 3:06 | Create | Villager (Male) |
| 3:07 | Create | Villager (Male) |
| 3:07 | Create | Villager (Male) |
| 3:27 | Create | Villager (Male) |
| 3:28 | Create | Villager (Male) |
| 3:28 | Create | Villager (Male) |
| 4:02 | Create | Villager (Male) |
| 4:22 | Research | Loom |
| 4:26 | Build | House |
| 5:07 | Create | Villager (Male) |
| 5:07 | Create | Villager (Male) |
| 5:07 | Create | Villager (Male) |
| 5:07 | Create | Villager (Male) |
| 6:06 | Build | Mill |
| 6:09 | Create | Villager (Male) |
| 7:16 | Research | Feudal Age |
| 8:04 | Build | House |
| 8:07 | Build | Barracks |
| 8:24 | Create | Villager (Male) |
| 8:25 | Create | Villager (Male) |
| 9:26 | Age | Feudal Age |
| 9:28 | Build | Stable |
| 9:33 | Research | Double-Bit Axe |
| 10:02 | Create | Villager (Male) |
| 10:02 | Create | Villager (Male) |
| 10:02 | Create | Villager (Male) |
| 10:04 | Build | House |
| 10:17 | Create | Scout Cavalry |
| 10:17 | Create | Scout Cavalry |
| 10:25 | Build | Mining Camp |
| 10:30 | Create | Villager (Male) |
| 10:34 | Build | House |
| 11:17 | Build | Lumber Camp |
| 11:20 | Create | Spearman |
| 11:26 | Build | Farm |
| 11:26 | Build | Farm |
| 11:43 | Create | Scout Cavalry |
| 11:49 | Create | Villager (Male) |
| 11:49 | Create | Villager (Male) |
| 11:49 | Create | Villager (Male) |
| 11:51 | Build | Farm |
| 12:17 | Build | Farm |
| 12:28 | Build | House |
| 12:48 | Create | Villager (Male) |
| 12:48 | Create | Villager (Male) |
| 12:51 | Build | Farm |
| 12:51 | Build | Farm |
| 13:12 | Create | Villager (Male) |
| 13:15 | Build | Farm |
| 13:19 | Build | Farm |
| 13:25 | Build | Blacksmith |
| 13:33 | Create | Scout Cavalry |
| 14:06 | Create | Villager (Male) |
| 14:06 | Create | Villager (Male) |
| 14:06 | Create | Villager (Male) |
| 14:09 | Build | Farm |
| 14:09 | Build | Farm |
| 14:18 | Research | Horse Collar |
| 14:55 | Create | Villager (Male) |
| 14:56 | Create | Villager (Male) |
| 15:01 | Build | Farm |
| 15:01 | Build | Farm |
| 15:02 | Build | Farm |
| 15:17 | Create | Scout Cavalry |
| 15:20 | Create | Scout Cavalry |
| 15:31 | Research | Scale Barding Armor |
| 15:40 | Create | Scout Cavalry |
| 15:52 | Create | Villager (Male) |
| 15:59 | Build | House |
| 16:00 | Build | House |
| 16:00 | Build | House |
| 16:00 | Build | House |
| 16:01 | Build | House |
| 16:11 | Create | Villager (Male) |
| 16:14 | Build | Farm |
| 16:45 | Research | Forging |
| 16:48 | Research | Bloodlines |
| 17:00 | Create | Villager (Male) |
| 17:06 | Build | Farm |
| 17:22 | Build | Farm |
| 17:24 | Build | Farm |
| 17:29 | Create | Villager (Male) |
| 17:34 | Build | Farm |
| 17:52 | Create | Villager (Male) |
| 17:56 | Build | Farm |
| 18:26 | Create | Villager (Male) |
| 18:27 | Create | Villager (Male) |
| 18:29 | Build | Farm |
| 18:49 | Create | Villager (Male) |
| 18:53 | Build | Farm |
| 18:58 | Build | Lumber Camp |
| 19:42 | Create | Villager (Male) |
| 19:48 | Build | Market |
| 20:07 | Research | Castle Age |
| 20:16 | Build | Mining Camp |
| 21:14 | Research | Gold Mining |
| 21:27 | Build | House |
| 21:30 | Build | House |
| 21:35 | Build | Palisade Wall |
| 21:57 | Research | Stone Mining |
| 22:03 | Create | Villager (Male) |
| 22:03 | Create | Villager (Male) |
| 22:03 | Create | Villager (Male) |
| 22:03 | Create | Villager (Male) |
| 22:04 | Create | Villager (Male) |
| 22:04 | Create | Villager (Male) |
| 22:47 | Age | Castle Age |
| 22:50 | Research | Chain Barding Armor |
| 24:16 | Research | Fletching |
| 24:37 | Create | Knight |
| 24:37 | Create | Knight |
| 24:59 | Build | Castle |
| 25:02 | Build | Mining Camp |
| 25:04 | Create | Villager (Male) |
| 25:04 | Create | Villager (Male) |
| 25:04 | Create | Villager (Male) |
| 25:05 | Create | Villager (Male) |
| 25:48 | Create | Villager (Male) |
| 25:48 | Create | Villager (Male) |
| 25:48 | Create | Villager (Male) |
| 25:49 | Create | Villager (Male) |
| 26:38 | Research | Bow Saw |
| 26:55 | Build | Farm |
| 26:56 | Build | Farm |
| 26:56 | Build | Farm |
| 26:56 | Build | Farm |
| 26:59 | Create | Konnik |
| 26:59 | Create | Konnik |
| 27:00 | Create | Konnik |
| 27:00 | Create | Konnik |
| 27:03 | Create | Konnik |
| 27:03 | Create | Konnik |
Build order — vic163001
First 150 of 527 actions detected
| 0:00 | Create | Villager (Male) |
| 0:01 | Create | Villager (Male) |
| 0:01 | Create | Villager (Male) |
| 0:01 | Create | Villager (Male) |
| 0:05 | Build | House |
| 0:08 | Build | House |
| 0:35 | Create | Villager (Male) |
| 0:35 | Create | Villager (Male) |
| 1:37 | Create | Villager (Male) |
| 1:38 | Create | Villager (Male) |
| 1:48 | Build | Lumber Camp |
| 1:53 | Create | Villager (Male) |
| 1:53 | Create | Villager (Male) |
| 1:54 | Create | Villager (Male) |
| 2:35 | Create | Villager (Male) |
| 2:36 | Create | Villager (Male) |
| 3:11 | Build | House |
| 3:14 | Build | House |
| 3:16 | Build | House |
| 3:19 | Create | Villager (Male) |
| 3:19 | Create | Villager (Male) |
| 3:39 | Create | Villager (Male) |
| 3:39 | Create | Villager (Male) |
| 3:39 | Create | Villager (Male) |
| 3:57 | Build | Mill |
| 4:09 | Create | Villager (Male) |
| 4:09 | Create | Villager (Male) |
| 4:57 | Create | Villager (Male) |
| 4:57 | Create | Villager (Male) |
| 4:57 | Create | Villager (Male) |
| 4:58 | Create | Villager (Male) |
| 4:58 | Create | Villager (Male) |
| 5:17 | Create | Villager (Male) |
| 6:21 | Create | Villager (Male) |
| 6:21 | Create | Villager (Male) |
| 6:28 | Build | Farm |
| 6:36 | Create | Villager (Male) |
| 6:37 | Create | Villager (Male) |
| 7:30 | Build | House |
| 7:34 | Build | House |
| 8:06 | Research | Feudal Age |
| 8:12 | Build | Mining Camp |
| 8:31 | Create | Villager (Male) |
| 8:31 | Create | Villager (Male) |
| 10:11 | Age | Feudal Age |
| 10:13 | Build | Market |
| 10:16 | Build | Blacksmith |
| 10:21 | Build | Palisade Wall |
| 10:48 | Research | Double-Bit Axe |
| 10:49 | Research | Double-Bit Axe |
| 11:05 | Research | Castle Age |
| 11:05 | Research | Castle Age |
| 11:19 | Research | Horse Collar |
| 11:19 | Research | Horse Collar |
| 11:51 | Build | Palisade Wall |
| 12:27 | Build | House |
| 12:27 | Build | Palisade Wall |
| 12:32 | Create | Villager (Male) |
| 12:32 | Create | Villager (Male) |
| 12:35 | Build | Palisade Wall |
| 13:12 | Research | Loom |
| 13:12 | Research | Loom |
| 13:31 | Age | Castle Age |
| 13:39 | Build | Town Center |
| 14:15 | Create | Villager (Male) |
| 14:18 | Build | Farm |
| 14:31 | Build | Monastery |
| 14:40 | Build | Farm |
| 14:49 | Create | Villager (Male) |
| 14:50 | Create | Villager (Male) |
| 14:57 | Build | Farm |
| 14:58 | Build | Farm |
| 15:00 | Build | Farm |
| 15:12 | Create | Villager (Male) |
| 15:13 | Create | Villager (Male) |
| 15:13 | Create | Villager (Male) |
| 15:13 | Create | Villager (Male) |
| 15:17 | Create | Monk |
| 15:33 | Build | Farm |
| 15:43 | Build | Farm |
| 15:45 | Create | Villager (Male) |
| 15:52 | Build | Farm |
| 15:53 | Build | Farm |
| 15:56 | Create | Monk |
| 16:17 | Create | Monk |
| 16:20 | Create | Villager (Male) |
| 16:21 | Create | Villager (Male) |
| 16:25 | Build | Farm |
| 16:26 | Build | Farm |
| 16:35 | Build | Farm |
| 16:37 | Create | Villager (Male) |
| 16:38 | Create | Villager (Male) |
| 16:38 | Create | Villager (Male) |
| 16:40 | Build | Farm |
| 16:59 | Build | Farm |
| 17:01 | Build | Farm |
| 17:03 | Create | Villager (Male) |
| 17:22 | Create | Villager (Male) |
| 17:22 | Create | Villager (Male) |
| 17:47 | Create | Villager (Male) |
| 17:47 | Create | Villager (Male) |
| 17:52 | Build | Barracks |
| 17:54 | Create | Villager (Male) |
| 18:00 | Create | Villager (Male) |
| 18:11 | Build | Town Center |
| 18:13 | Create | Villager (Male) |
| 18:27 | Create | Villager (Male) |
| 18:28 | Create | Villager (Male) |
| 18:39 | Create | Villager (Male) |
| 18:40 | Create | Monk |
| 18:46 | Create | Villager (Male) |
| 18:50 | Build | Farm |
| 18:51 | Build | Farm |
| 18:52 | Build | Farm |
| 18:56 | Build | House |
| 18:59 | Build | House |
| 19:05 | Build | House |
| 19:06 | Build | House |
| 19:06 | Build | House |
| 19:06 | Build | House |
| 19:07 | Build | House |
| 19:07 | Build | House |
| 19:07 | Build | House |
| 19:07 | Build | House |
| 19:09 | Create | Villager (Male) |
| 19:22 | Research | Wheelbarrow |
| 19:22 | Research | Wheelbarrow |
| 20:07 | Build | Farm |
| 20:08 | Create | Villager (Male) |
| 20:09 | Create | Villager (Male) |
| 20:15 | Build | Stable |
| 20:16 | Create | Villager (Male) |
| 20:32 | Create | Villager (Male) |
| 20:38 | Build | Farm |
| 20:38 | Build | Farm |
| 20:39 | Build | Farm |
| 20:39 | Build | Farm |
| 20:39 | Build | Farm |
| 20:46 | Create | Villager (Male) |
| 20:46 | Create | Villager (Male) |
| 20:47 | Create | Villager (Male) |
| 20:56 | Research | Scale Barding Armor |
| 20:56 | Research | Scale Barding Armor |
| 20:58 | Create | Villager (Male) |
| 21:07 | Create | Villager (Male) |
| 21:17 | Build | Stable |
| 21:19 | Create | Villager (Male) |
| 21:32 | Create | Villager (Male) |
| 21:32 | Create | Villager (Male) |
| 21:32 | Create | Villager (Male) |
Match timeline
| 5:12 | 种田玩家打队友别打我 · first_building Dock |
| 5:16 | leeroy kentins · first_building Dock |
| 6:19 | ~~ · first_building Dock |
| 6:39 | Agapito di Sousa · first_building Dock |
| 7:10 | Tuzi · wall_segment Palisade Wall x4 |
| 7:17 | Ragamuffin · first_building Dock |
| 8:06 | Tuzi · wall_segment Palisade Wall x5 |
| 8:07 | 3blue · first_building Barracks |
| 9:07 | Tuzi · wall_segment Palisade Wall x10 |
| 9:26 | 3blue · age_up feudal |
| 9:28 | 3blue · first_building Stable |
| 10:11 | vic163001 · age_up feudal |
| 10:21 | vic163001 · wall_segment Palisade Wall x1 |
| 10:41 | Agapito di Sousa · first_building Barracks |
| 10:53 | 种田玩家打队友别打我 · age_up feudal |
| 10:56 | Tuzi · wall_segment Palisade Wall x8 |
| 11:01 | ~~ · wall_segment Palisade Wall x8 |
| 11:02 | leeroy kentins · age_up feudal |
| 11:15 | Ragamuffin · age_up feudal |
| 11:19 | Agapito di Sousa · wall_segment Palisade Wall x1 |
| 11:21 | Agapito di Sousa · wall_segment Palisade Wall x1 |
| 11:22 | Agapito di Sousa · wall_segment Palisade Wall x1 |
| 11:27 | Agapito di Sousa · age_up feudal |
| 11:44 | ~~ · age_up feudal |
| 11:51 | vic163001 · wall_segment Palisade Wall x6 |
| 11:52 | Agapito di Sousa · first_building Stable |
| 12:07 | Tuzi · first_building Barracks |
| 12:27 | vic163001 · wall_segment Palisade Wall x1 |
| 12:30 | ~~ · wall_segment Stone Wall x1 |
| 12:35 | vic163001 · wall_segment Palisade Wall x1 |
| 12:39 | ~~ · wall_segment Stone Wall x5 |
| 12:42 | ~~ · wall_segment Stone Wall x1 |
| 12:46 | Tuzi · age_up feudal |
| 12:49 | ~~ · wall_segment Stone Wall x1 |
| 12:51 | ~~ · wall_segment Stone Wall x6 |
| 13:20 | Tuzi · first_building Stable |
| 13:20 | ~~ · wall_segment Stone Wall x8 |
| 13:21 | ~~ · wall_segment Stone Wall x5 |
| 13:23 | 种田玩家打队友别打我 · wall_segment Palisade Wall x5 |
| 13:27 | 种田玩家打队友别打我 · wall_segment Palisade Wall x1 |
| 13:31 | vic163001 · age_up castle |
| 13:35 | Ragamuffin · first_market_buy 100 wood |
| 13:36 | Ragamuffin · first_market_sell 100 stone |
| 14:02 | leeroy kentins · first_market_sell 100 wood |
| 14:04 | leeroy kentins · first_market_buy 100 food |
| 14:07 | 种田玩家打队友别打我 · first_building Barracks |
| 14:16 | Ragamuffin · wall_segment Stone Wall x4 |
| 14:22 | vic163001 · first_market_buy 100 wood |
| 14:31 | vic163001 · first_building Monastery |
| 15:01 | 种田玩家打队友别打我 · wall_segment Palisade Wall x6 |
| 15:03 | 种田玩家打队友别打我 · age_up castle |
| 15:13 | Ragamuffin · wall_segment Stone Wall x19 |
| 16:07 | ~~ · wall_segment Stone Wall x1 |
| 16:13 | Ragamuffin · first_building Barracks |
| 16:32 | Ragamuffin · age_up castle |
| 17:04 | leeroy kentins · age_up castle |
| 17:04 | Tuzi · age_up castle |
| 17:09 | ~~ · wall_segment Stone Wall x8 |
| 17:43 | ~~ · wall_segment Stone Wall x3 |
| 17:46 | Ragamuffin · first_building Castle |
| 17:48 | Agapito di Sousa · age_up castle |
| 17:52 | vic163001 · first_building Barracks |
| 17:54 | 种田玩家打队友别打我 · resign |
| 18:26 | ~~ · age_up castle |
| 18:35 | Agapito di Sousa · first_building Castle |
| 19:15 | Ragamuffin · wall_segment Stone Wall x9 |
| 20:15 | vic163001 · first_building Stable |
| 20:38 | ~~ · first_market_sell 100 stone |
| 20:42 | ~~ · first_market_buy 100 wood |
| 21:03 | Ragamuffin · first_building Archery Range |
| 21:35 | 3blue · wall_segment Palisade Wall x1 |
| 22:24 | ~~ · wall_segment Stone Wall x6 |
| 22:25 | ~~ · wall_segment Stone Wall x6 |
| 22:43 | Ragamuffin · first_building Stable |
| 22:47 | 3blue · age_up castle |
| 23:13 | leeroy kentins · first_building Barracks |
| 23:35 | 3blue · first_market_sell 100 wood |
| 23:37 | 3blue · first_market_buy 100 stone |
| 23:57 | ~~ · first_building Barracks |
| 24:10 | leeroy kentins · first_building Archery Range |
| 24:59 | 3blue · first_building Castle |
| 25:02 | ~~ · first_building Castle |
| 26:03 | Tuzi · wall_segment Stone Wall x4 |
| 26:58 | Tuzi · first_building Castle |
| 27:26 | Agapito di Sousa · first_market_sell 100 wood |
| 27:41 | Agapito di Sousa · first_building Siege Workshop |
| 27:51 | 3blue · first_building Monastery |
| 28:27 | ~~ · wall_segment Stone Wall x5 |
| 28:29 | ~~ · wall_segment Stone Wall x8 |
| 29:33 | ~~ · wall_segment Stone Wall x1 |
| 29:36 | Agapito di Sousa · first_building Monastery |
| 30:06 | leeroy kentins · first_building Castle |
| 30:11 | vic163001 · first_building Castle |
| 30:36 | leeroy kentins · first_building Siege Workshop |
| 31:23 | ~~ · wall_segment Stone Wall x5 |
| 33:44 | vic163001 · first_market_sell 100 food |
| 34:19 | Tuzi · age_up imperial |
| 34:21 | ~~ · first_building Archery Range |
| 36:19 | leeroy kentins · age_up imperial |
| 37:20 | ~~ · age_up imperial |
| 37:21 | ~~ · first_building Monastery |
| 39:09 | vic163001 · age_up imperial |
| 39:09 | leeroy kentins · wall_segment Stone Wall x11 |
| 39:10 | leeroy kentins · wall_segment Stone Wall x11 |
| 40:19 | 3blue · first_building Krepost |
| 40:30 | Agapito di Sousa · first_building Archery Range |
| 41:05 | Agapito di Sousa · age_up imperial |
| 41:56 | 3blue · age_up imperial |
| 42:14 | ~~ · first_building Stable |
| 42:23 | Ragamuffin · age_up imperial |
| 44:44 | vic163001 · first_building Archery Range |
[ AI ANALYSIS · 1 CREDIT ]
What really happened in this match?
Wolo.gg analyzes every decision: build order, eco, micro, common mistakes by bracket. Personalized analysis on WhatsApp or Discord in 30 seconds.
Civ guide
Chinese
Map guide
MegaRandom
Perfil
Jugador #19241084